 Dungeon Crawl Stone Soup version 0.15.2 (webtiles) character file.

884 Datmedizin the Basher (level 8, -14/67 HPs)
             Began as a Hill Orc Fighter on Feb 23, 2015.
             Demolished by Joseph
             ... wielding a +0 quarterstaff
              (16 damage)
             ... on Level 8 of the Dungeon.
             The game lasted 00:12:49 (2199 turns).

Datmedizin the Basher (Hill Orc Fighter)            Turns: 2199, Time: 00:12:50

HP -14/67        AC 13     Str 21      XL: 8   Next:  5%
MP   8/8         EV  3     Int  8      God:
Gold 164         SH  9     Dex 13      Spells:  0 memorised,  7 levels left

rFire  . . .     SeeInvis .     D - +3 long sword
rCold  . . .     Clarity  .     n - +0 plate armour (curse)
rNeg   . . .     rCorr    .     c - +0 shield
rPois  .         rRot     .     (no helmet)
rElec  .         Spirit   .     (no cloak)
SustAb .         Warding  .     j - +1 pair of gloves
rMut   .         Stasis   +     (no boots)
Gourm  .                        h - amulet of stasis
MR     .....                    (no ring)
                                x - +3 ring of dexterity

@: not resistant to hostile enchantments, extremely unstealthy
A: no striking features
a: no special abilities


You were on level 8 of the Dungeon.
You were not hungry.

You visited 1 branch of the dungeon, and saw 8 of its levels.

You collected 164 gold pieces.

Inventory:

Hand weapons
 a - a +0 flail
 v - a +0 shortbow
 C - a +0 battleaxe
 D - a +3 long sword (weapon)
Missiles
 u - 13 arrows of frost
 w - 11 arrows
Armour
 b - a +0 scale mail
 c - a +0 shield (worn)
 j - a +1 pair of gloves (worn)
 n - a cursed +0 plate armour (worn)
Magical devices
 A - a wand of disintegration (21) {unknown}
 B - a wand of frost (16)
Comestibles
 d - 3 meat rations
 o - 2 bread rations
 p - 2 beef jerkies
 E - a chunk of worker ant flesh
Scrolls
 f - 2 scrolls of random uselessness {unknown}
 g - a scroll of enchant weapon {unknown}
 k - 5 scrolls of identify {unknown}
 s - a scroll of amnesia {unknown}
 t - a scroll of blinking {unknown}
 y - 2 scrolls of remove curse {unknown}
 z - a scroll of teleportation {unknown}
Jewellery
 h - an amulet of stasis (around neck)
 x - a +3 ring of dexterity (left hand)
Potions
 e - a potion of might
 i - a potion of curing
 l - 2 potions of confusion {unknown}
 m - a potion of mutation {unknown}
 q - a potion of heal wounds {unknown}


   Skills:
 + Level 4.8 Fighting
 + Level 0.7 Long Blades
 - Level 9.4 Maces & Flails
 - Level 3.2 Armour
 - Level 3.2 Shields
 + Level 0.4 Evocations


You had 7 spell levels left.
You didn't know any spells.

Dungeon Overview and Level Annotations

Branches:
Dungeon (8/15)             Temple (0/1) D:6
   Lair: D:8-11

Altars:
Ashenzari
Cheibriados
Okawaru
Yredelemnul

Annotations:
D:5 Grinder; Pikel; plantmann's ghost, average FeBe
D:8 Joseph


Message History

You hit the big kobold but do no damage.
The big kobold is moderately wounded.
Joseph unwields an uncursed hunting sling.
Joseph wields an uncursed quarterstaff.
You block Joseph's attack. You block the big kobold's attack.
You closely miss the big kobold.
The big kobold is moderately wounded.
Joseph hits you with an uncursed quarterstaff.
* * * LOW HITPOINT WARNING * * *
You block the big kobold's attack. Joseph hits you but does no damage.
You slash the big kobold!
The big kobold is severely wounded.
The big kobold hits you.
* * * LOW HITPOINT WARNING * * *
You block the big kobold's attack. You block Joseph's attack.
You slash the big kobold!
You kill the big kobold!
You have reached level 8!
Joseph hits you with an uncursed quarterstaff!
You die...

#......[%.#
#.#..<.).)#
# #.##..#.#
#K..!.#.# #
#.K##)# #
#.#.§##.#(#
#..KK§....#
####K######
#@# #@# #§§
###. .# #


You could see Joseph and 3 kobolds.

Vanquished Creatures
  A centaur (D:5)
  Sigmund (D:7)
  An ogre (D:5)
  A giant frog (D:7)
  A big kobold (D:8)
  3 wights (D:7)
  A crimson imp (D:6)
  A jelly (D:6)
  2 orc wizards
  4 worker ants
  Ijyb (D:2)
  7 adders
  An orc skeleton (D:6)
  A giant mite (D:1)
  A worm (D:2)
  3 giant geckos
  An ooze (D:1)
  5 orcs
  A bat skeleton (D:4)
  3 giant cockroaches
  9 goblins
  5 hobgoblins
  9 kobolds
  A quokka (D:7)
  2 ball pythons
  A bat (D:7)
  3 giant newts
  A kobold zombie (D:7)
  10 rats
  A rat skeleton (D:7)
82 creatures vanquished.

Notes
Turn   | Place    | Note
--------------------------------------------------------------
     0 | D:1      | Datmedizin, the Hill Orc Fighter, began the quest for the Orb.
     0 | D:1      | Reached XP level 1. HP: 19/19 MP: 1/1
   194 | D:1      | Reached XP level 2. HP: 26/26 MP: 2/2
   317 | D:1      | Reached XP level 3. HP: 22/31 MP: 3/3
   341 | D:2      | Noticed Ijyb
   438 | D:1      | Reached skill level 4 in Maces & Flails
   540 | D:2      | Found an iron altar of Okawaru.
   562 | D:2      | Killed Ijyb
   562 | D:2      | Reached XP level 4. HP: 26/39 MP: 4/4
   871 | D:2      | Reached skill level 5 in Maces & Flails
  1060 | D:4      | Reached XP level 5. HP: 45/45 MP: 5/5
  1102 | D:4      | Found a shattered altar of Ashenzari.
  1122 | D:5      | Entered Level 5 of the Dungeon
  1122 | D:5      | Noticed a centaur
  1128 | D:5      | Killed a centaur
  1128 | D:5      | Reached skill level 6 in Maces & Flails
  1134 | D:5      | Reached XP level 6. HP: 26/51 MP: 6/6
  1311 | D:5      | Noticed an ogre
  1324 | D:5      | Killed an ogre
  1324 | D:5      | Reached skill level 7 in Maces & Flails
  1333 | D:5      | Noticed plantmann's ghost (average FeBe)
  1334 | D:5      | Noticed a slave
  1334 | D:5      | Noticed Pikel
  1335 | D:5      | Noticed a slave
  1336 | D:5      | Noticed a slave
  1336 | D:5      | Noticed Grinder
  1496 | D:5      | Noticed a phantom
  1548 | D:6      | Found a basalt altar of Yredelemnul.
  1548 | D:6      | Found a staircase to the Ecumenical Temple.
  1612 | D:7      | Noticed a hungry ghost
  1719 | D:6      | Reached skill level 8 in Maces & Flails
  1719 | D:6      | Reached XP level 7. HP: 52/57 MP: 7/7
  1758 | D:7      | Found a snail-covered altar of Cheibriados.
  1954 | D:7      | Noticed Sigmund
  1995 | D:7      | Killed Sigmund
  2088 | D:7      | Reached skill level 9 in Maces & Flails
  2189 | D:8      | Noticed Joseph
  2198 | D:8      | HP: 1/59 [big kobold (3)]
  2199 | D:8      | Reached XP level 8. HP: 1/67 MP: 8/8
  2199 | D:8      | Demolished by Joseph

Action                   |  1- 3 |  4- 6 |  7- 9 || total
-------------------------+-------+-------+-------++-------
Melee: Flail             |    97 |   141 |    90 ||   328
       Long sword        |       |       |    17 ||    17
Evoke: Wand              |       |       |     1 ||     1
  Use: Potion            |       |       |     2 ||     2
       Scroll            |       |       |     1 ||     1
  Eat: Chunk             |       |     3 |     2 ||     5
